[ AOE2 MATCH · #487604483 ]
UnrankedKhmer vs Magyars
[ REPLAY ANALYSIS · EXTRACTED FROM THE RECORDED GAME ]
Feudal
9:23
Castle
—
Imperial
—
| APM avg | 51.9 |
| APM peak | 77 |
| eAPM avg | 18.0 |
| Villagers / military | 25 / 2 |
Focus
⚔️ 22.4% · 🌾 77.6%
Scout Cavalry ×2
Feudal
—
Castle
—
Imperial
—
| APM avg | 31.1 |
| APM peak | 66 |
| eAPM avg | 14.1 |
| Villagers / military | 28 / 0 |
Focus
⚔️ 18.7% · 🌾 81.3%
Feudal
9:18
Castle
—
Imperial
—
| APM avg | 37.1 |
| APM peak | 67 |
| eAPM avg | 14.6 |
| Villagers / military | 22 / 4 |
Focus
⚔️ 30.0% · 🌾 70.0%
Archer ×3 · Spearman ×1
Feudal
9:52
Castle
—
Imperial
—
| APM avg | 71.4 |
| APM peak | 85 |
| eAPM avg | 31.9 |
| Villagers / military | 34 / 0 |
Focus
⚔️ 23.6% · 🌾 76.4%
Feudal
9:18
Castle
—
Imperial
—
| APM avg | 24.5 |
| APM peak | 57 |
| eAPM avg | 8.9 |
| Villagers / military | 25 / 4 |
Focus
⚔️ 9.3% · 🌾 90.7%
Scout Cavalry ×4
Feudal
—
Castle
—
Imperial
—
| APM avg | 42.2 |
| APM peak | 61 |
| eAPM avg | 13.7 |
| Villagers / military | 31 / 0 |
Focus
⚔️ 11.3% · 🌾 88.7%
Feudal
9:18
Castle
—
Imperial
—
| APM avg | 64.6 |
| APM peak | 91 |
| eAPM avg | 21.9 |
| Villagers / military | 22 / 2 |
Focus
⚔️ 35.7% · 🌾 64.3%
Archer ×2
Feudal
—
Castle
—
Imperial
—
| APM avg | 56.1 |
| APM peak | 81 |
| eAPM avg | 16.1 |
| Villagers / military | 32 / 0 |
Focus
⚔️ 18.3% · 🌾 81.7%
Match map
Initial resources + every placement click. Lines = walls · curves = elevation contours. ◆ gold · ⬟ stone · ● berries · ✦ relic · ◌ wall gap
Your base
Aliskandar's base
Pumpkin King's base
HK | El Chairo's base
champyinz21's base
EXILE | Neany's base
TAG_Sitaux's base
La Grosse Valoche's base
Smoothed initial terrain · ◌ = detected wall gap · hover for details
Inputs per minute
— Smiley - - Aliskandar
Build order — Smiley
42 actions detected in the replay
| 0:01 | Create | Villager (Male) |
| 0:01 | Create | Villager (Male) |
| 0:01 | Create | Villager (Male) |
| 0:03 | Build | House |
| 0:05 | Build | House |
| 0:10 | Create | Villager (Male) |
| 0:10 | Create | Villager (Male) |
| 1:27 | Create | Villager (Male) |
| 1:28 | Create | Villager (Male) |
| 1:54 | Build | Lumber Camp |
| 2:04 | Create | Villager (Male) |
| 2:18 | Create | Villager (Male) |
| 2:48 | Create | Villager (Male) |
| 2:48 | Create | Villager (Male) |
| 3:15 | Create | Villager (Male) |
| 3:15 | Create | Villager (Male) |
| 3:15 | Create | Villager (Male) |
| 3:33 | Build | House |
| 3:33 | Build | House |
| 4:18 | Create | Villager (Male) |
| 4:18 | Create | Villager (Male) |
| 4:39 | Create | Villager (Male) |
| 4:55 | Create | Villager (Male) |
| 4:58 | Create | Villager (Male) |
| 5:01 | Build | Mill |
| 5:47 | Create | Villager (Male) |
| 6:03 | Research | Loom |
| 6:46 | Research | Feudal Age |
| 7:34 | Create | Villager (Male) |
| 8:19 | Build | Barracks |
| 9:23 | Age | Feudal Age |
| 9:27 | Build | Stable |
| 9:38 | Research | Double-Bit Axe |
| 9:39 | Research | Horse Collar |
| 10:01 | Create | Villager (Male) |
| 10:02 | Create | Villager (Male) |
| 10:11 | Create | Scout Cavalry |
| 10:11 | Create | Scout Cavalry |
| 10:22 | Create | Villager (Male) |
| 10:35 | Build | House |
| 10:36 | Build | House |
| 10:37 | Create | Villager (Male) |
Build order — Aliskandar
49 actions detected in the replay
| 0:01 | Create | Villager (Male) |
| 0:03 | Build | House |
| 0:05 | Build | House |
| 0:06 | Create | Villager (Male) |
| 0:14 | Create | Villager (Male) |
| 0:15 | Create | Villager (Male) |
| 0:15 | Create | Villager (Male) |
| 1:31 | Create | Villager (Male) |
| 1:31 | Create | Villager (Male) |
| 1:59 | Create | Villager (Male) |
| 2:16 | Build | Lumber Camp |
| 2:17 | Create | Villager (Male) |
| 2:49 | Create | Villager (Male) |
| 3:02 | Create | Villager (Male) |
| 3:30 | Create | Villager (Male) |
| 3:55 | Build | House |
| 3:56 | Build | House |
| 4:02 | Create | Villager (Male) |
| 4:02 | Create | Villager (Male) |
| 4:24 | Build | Mill |
| 4:42 | Create | Villager (Male) |
| 4:42 | Create | Villager (Male) |
| 4:42 | Create | Villager (Male) |
| 4:56 | Build | Palisade Wall |
| 4:56 | Build | Palisade Wall |
| 4:58 | Build | House |
| 5:06 | Create | Villager (Male) |
| 5:06 | Create | Villager (Male) |
| 5:21 | Create | Villager (Male) |
| 5:47 | Create | Villager (Male) |
| 6:10 | Build | House |
| 6:33 | Create | Villager (Male) |
| 6:49 | Build | Palisade Wall |
| 7:09 | Create | Villager (Male) |
| 7:16 | Build | Mining Camp |
| 7:23 | Create | Villager (Male) |
| 7:52 | Create | Villager (Male) |
| 8:17 | Build | Barracks |
| 8:21 | Build | Barracks |
| 8:25 | Create | Villager (Male) |
| 8:30 | Research | Feudal Age |
| 9:08 | Build | Palisade Wall |
| 9:09 | Build | Palisade Wall |
| 9:10 | Build | Palisade Wall |
| 9:12 | Build | Palisade Wall |
| 9:13 | Build | Palisade Wall |
| 10:01 | Build | Palisade Wall |
| 10:05 | Create | Villager (Male) |
| 10:05 | Create | Villager (Male) |
Build order — Pumpkin King
46 actions detected in the replay
| 0:00 | Create | Villager (Male) |
| 0:01 | Create | Villager (Male) |
| 0:01 | Create | Villager (Male) |
| 0:02 | Build | House |
| 0:04 | Build | House |
| 0:15 | Create | Villager (Male) |
| 1:21 | Create | Villager (Male) |
| 1:47 | Build | Lumber Camp |
| 2:01 | Create | Villager (Male) |
| 2:20 | Research | Loom |
| 2:23 | Create | Villager (Male) |
| 2:47 | Create | Villager (Male) |
| 3:05 | Create | Villager (Male) |
| 3:28 | Create | Villager (Male) |
| 3:58 | Create | Villager (Male) |
| 4:34 | Create | Villager (Male) |
| 4:34 | Create | Villager (Male) |
| 4:38 | Build | House |
| 4:58 | Create | Villager (Male) |
| 5:08 | Build | House |
| 5:11 | Create | Villager (Male) |
| 5:29 | Build | Mill |
| 5:30 | Create | Villager (Male) |
| 5:54 | Create | Villager (Male) |
| 6:30 | Research | Loom |
| 7:04 | Research | Feudal Age |
| 7:31 | Build | Barracks |
| 7:35 | Create | Villager (Male) |
| 8:25 | Build | House |
| 8:41 | Create | Villager (Male) |
| 8:50 | Build | Mining Camp |
| 8:52 | Create | Villager (Male) |
| 9:18 | Age | Feudal Age |
| 9:21 | Build | Archery Range |
| 9:23 | Research | Double-Bit Axe |
| 9:31 | Create | Villager (Male) |
| 9:51 | Build | Blacksmith |
| 9:52 | Create | Villager (Male) |
| 10:01 | Build | House |
| 10:11 | Create | Archer |
| 10:11 | Create | Archer |
| 10:16 | Build | House |
| 10:19 | Build | Palisade Wall |
| 10:19 | Build | Palisade Wall |
| 10:26 | Create | Archer |
| 10:30 | Create | Spearman |
Build order — HK | El Chairo
57 actions detected in the replay
| 0:01 | Create | Villager (Male) |
| 0:01 | Create | Villager (Male) |
| 0:01 | Create | Villager (Male) |
| 0:04 | Build | House |
| 0:06 | Build | House |
| 0:25 | Create | Villager (Male) |
| 0:26 | Create | Villager (Male) |
| 1:27 | Create | Villager (Male) |
| 2:03 | Create | Villager (Male) |
| 2:03 | Create | Villager (Male) |
| 2:23 | Create | Villager (Male) |
| 2:23 | Create | Villager (Male) |
| 2:25 | Build | Lumber Camp |
| 2:53 | Create | Villager (Male) |
| 2:53 | Create | Villager (Male) |
| 3:15 | Create | Villager (Male) |
| 3:15 | Create | Villager (Male) |
| 3:28 | Build | House |
| 3:42 | Create | Villager (Male) |
| 4:03 | Create | Villager (Male) |
| 4:28 | Create | Villager (Male) |
| 4:30 | Create | Villager (Male) |
| 4:30 | Create | Villager (Male) |
| 5:01 | Create | Villager (Male) |
| 5:05 | Build | Mill |
| 5:27 | Create | Villager (Male) |
| 5:27 | Create | Villager (Male) |
| 5:27 | Create | Villager (Male) |
| 5:38 | Build | Palisade Wall |
| 5:40 | Create | Villager (Male) |
| 5:41 | Create | Villager (Male) |
| 5:47 | Create | Villager (Male) |
| 6:03 | Research | Loom |
| 6:32 | Create | Villager (Male) |
| 6:40 | Create | Villager (Male) |
| 6:40 | Create | Villager (Male) |
| 6:43 | Create | Villager (Male) |
| 7:02 | Create | Villager (Male) |
| 7:42 | Research | Feudal Age |
| 8:09 | Build | House |
| 8:22 | Build | Palisade Wall |
| 8:27 | Build | Palisade Gate |
| 8:33 | Build | Palisade Wall |
| 8:34 | Create | Villager (Male) |
| 9:13 | Build | Barracks |
| 9:26 | Build | Palisade Wall |
| 9:28 | Build | Palisade Wall |
| 9:43 | Create | Villager (Male) |
| 9:49 | Build | Palisade Wall |
| 9:50 | Build | Palisade Wall |
| 9:51 | Build | Palisade Wall |
| 9:52 | Age | Feudal Age |
| 10:00 | Build | Palisade Wall |
| 10:13 | Build | Stable |
| 10:13 | Create | Villager (Male) |
| 10:27 | Build | Farm |
| 10:28 | Build | Farm |
Build order — champyinz21
44 actions detected in the replay
| 0:00 | Create | Villager (Male) |
| 0:01 | Create | Villager (Male) |
| 0:01 | Create | Villager (Male) |
| 0:03 | Build | House |
| 0:05 | Build | House |
| 0:39 | Create | Villager (Male) |
| 0:39 | Create | Villager (Male) |
| 1:30 | Create | Villager (Male) |
| 1:30 | Create | Villager (Male) |
| 1:51 | Build | Lumber Camp |
| 1:54 | Create | Villager (Male) |
| 2:05 | Create | Villager (Male) |
| 2:05 | Create | Villager (Male) |
| 2:38 | Create | Villager (Male) |
| 2:55 | Create | Villager (Male) |
| 2:55 | Create | Villager (Male) |
| 3:19 | Create | Villager (Male) |
| 4:12 | Create | Villager (Male) |
| 4:17 | Build | House |
| 4:20 | Build | Mining Camp |
| 4:38 | Create | Villager (Male) |
| 4:39 | Create | Villager (Male) |
| 4:39 | Create | Villager (Male) |
| 5:06 | Create | Villager (Male) |
| 5:41 | Create | Villager (Male) |
| 6:04 | Build | Mill |
| 6:25 | Research | Loom |
| 7:02 | Research | Feudal Age |
| 7:02 | Research | Feudal Age |
| 7:31 | Build | House |
| 7:48 | Create | Villager (Male) |
| 8:14 | Build | Barracks |
| 9:18 | Age | Feudal Age |
| 9:21 | Build | Stable |
| 9:25 | Build | House |
| 9:26 | Build | House |
| 9:28 | Create | Villager (Male) |
| 9:37 | Research | Double-Bit Axe |
| 9:53 | Create | Villager (Male) |
| 10:02 | Create | Villager (Male) |
| 10:08 | Build | Farm |
| 10:14 | Create | Scout Cavalry ×4 |
| 10:35 | Create | Villager (Male) |
| 10:37 | Build | Farm |
Build order — EXILE | Neany
47 actions detected in the replay
| 0:02 | Create | Villager (Male) |
| 0:02 | Create | Villager (Male) |
| 0:03 | Create | Villager (Male) |
| 0:04 | Build | House |
| 0:06 | Build | House |
| 0:34 | Create | Villager (Male) |
| 0:35 | Create | Villager (Male) |
| 0:35 | Create | Villager (Male) |
| 1:22 | Create | Villager (Male) |
| 1:22 | Create | Villager (Male) |
| 1:48 | Build | Lumber Camp |
| 1:53 | Create | Villager (Male) |
| 1:53 | Create | Villager (Male) |
| 2:26 | Create | Villager (Male) |
| 2:41 | Create | Villager (Male) |
| 2:41 | Create | Villager (Male) |
| 3:13 | Create | Villager (Male) |
| 3:14 | Create | Villager (Male) |
| 3:26 | Build | House |
| 3:28 | Build | House |
| 4:15 | Create | Villager (Male) |
| 4:16 | Create | Villager (Male) |
| 4:16 | Create | Villager (Male) |
| 4:33 | Create | Villager (Male) |
| 4:33 | Create | Villager (Male) |
| 4:48 | Create | Villager (Male) |
| 4:49 | Create | Villager (Male) |
| 5:21 | Create | Villager (Male) |
| 5:24 | Create | Villager (Male) |
| 5:24 | Research | Loom |
| 5:58 | Build | Mill |
| 6:00 | Create | Villager (Male) |
| 6:00 | Create | Villager (Male) |
| 6:00 | Create | Villager (Male) |
| 6:01 | Create | Villager (Male) |
| 6:01 | Create | Villager (Male) |
| 7:05 | Create | Villager (Male) |
| 7:15 | Build | Palisade Wall |
| 7:41 | Build | Palisade Wall |
| 7:45 | Create | Villager (Male) |
| 7:46 | Research | Loom |
| 8:22 | Build | Mining Camp |
| 8:33 | Research | Feudal Age |
| 8:46 | Build | Palisade Wall |
| 10:25 | Build | Farm |
| 10:26 | Build | Farm |
| 10:26 | Build | Farm |
Build order — TAG_Sitaux
44 actions detected in the replay
| 0:01 | Create | Villager (Male) |
| 0:01 | Create | Villager (Male) |
| 0:03 | Build | House |
| 0:04 | Build | House |
| 0:14 | Create | Villager (Male) |
| 0:15 | Create | Villager (Male) |
| 1:23 | Create | Villager (Male) |
| 1:42 | Create | Villager (Male) |
| 2:12 | Create | Villager (Male) |
| 2:13 | Create | Villager (Male) |
| 2:18 | Build | Mule Cart |
| 2:49 | Create | Villager (Male) |
| 3:14 | Create | Villager (Male) |
| 3:37 | Build | House |
| 3:39 | Create | Villager (Male) |
| 4:00 | Create | Villager (Male) |
| 4:20 | Build | Palisade Wall |
| 4:21 | Create | Villager (Male) |
| 4:45 | Build | Mill |
| 4:49 | Create | Villager (Male) |
| 5:15 | Create | Villager (Male) |
| 5:45 | Create | Villager (Male) |
| 6:16 | Create | Villager (Male) |
| 6:23 | Build | House |
| 6:40 | Create | Villager (Male) |
| 7:08 | Research | Feudal Age |
| 7:08 | Research | Feudal Age |
| 7:31 | Build | Mule Cart |
| 8:19 | Build | Barracks |
| 9:10 | Create | Villager (Male) |
| 9:18 | Age | Feudal Age |
| 9:22 | Build | Archery Range |
| 9:28 | Research | Double-Bit Axe |
| 9:28 | Research | Double-Bit Axe |
| 9:30 | Create | Villager (Male) |
| 9:49 | Build | House |
| 9:58 | Create | Villager (Male) |
| 10:06 | Create | Archer |
| 10:13 | Build | House |
| 10:20 | Create | Villager (Male) |
| 10:24 | Build | Farm |
| 10:25 | Build | Farm |
| 10:27 | Build | Farm |
| 10:29 | Create | Archer |
Build order — La Grosse Valoche
48 actions detected in the replay
| 0:00 | Create | Villager (Male) |
| 0:01 | Create | Villager (Male) |
| 0:02 | Build | House |
| 0:04 | Build | House |
| 0:28 | Create | Villager (Male) |
| 0:28 | Create | Villager (Male) |
| 0:29 | Create | Villager (Male) |
| 1:30 | Create | Villager (Male) |
| 1:30 | Create | Villager (Male) |
| 1:30 | Create | Villager (Male) |
| 1:57 | Create | Villager (Male) |
| 1:57 | Create | Villager (Male) |
| 2:10 | Build | Lumber Camp |
| 2:30 | Create | Villager (Male) |
| 2:31 | Create | Villager (Male) |
| 2:50 | Create | Villager (Male) |
| 2:51 | Create | Villager (Male) |
| 2:51 | Create | Villager (Male) |
| 3:05 | Create | Villager (Male) |
| 3:05 | Create | Villager (Male) |
| 3:35 | Create | Villager (Male) |
| 3:35 | Create | Villager (Male) |
| 4:27 | Build | House |
| 4:29 | Create | Villager (Male) |
| 4:39 | Build | House |
| 4:55 | Create | Villager (Male) |
| 4:55 | Create | Villager (Male) |
| 4:56 | Create | Villager (Male) |
| 4:57 | Create | Villager (Male) |
| 4:57 | Create | Villager (Male) |
| 5:01 | Build | House |
| 5:20 | Build | House |
| 5:21 | Create | Villager (Male) |
| 5:44 | Build | Palisade Gate |
| 5:47 | Build | Palisade Wall |
| 5:51 | Build | Palisade Wall |
| 7:06 | Create | Villager (Male) |
| 7:06 | Create | Villager (Male) |
| 7:09 | Create | Villager (Male) |
| 7:10 | Research | Loom |
| 7:43 | Build | Mining Camp |
| 8:12 | Build | Mill |
| 8:23 | Research | Feudal Age |
| 8:24 | Create | Villager (Male) |
| 8:24 | Create | Villager (Male) |
| 9:02 | Create | Villager (Male) |
| 10:27 | Build | Farm |
| 10:29 | Build | Farm |
Match timeline
| 4:20 | TAG_Sitaux · wall_segment Palisade Wall x8 |
| 4:56 | Aliskandar · wall_segment Palisade Wall x1 |
| 4:56 | Aliskandar · wall_segment Palisade Wall x1 |
| 5:38 | HK | El Chairo · wall_segment Palisade Wall x9 |
| 5:47 | La Grosse Valoche · wall_segment Palisade Wall x3 |
| 5:51 | La Grosse Valoche · wall_segment Palisade Wall x11 |
| 6:49 | Aliskandar · wall_segment Palisade Wall x4 |
| 7:15 | EXILE | Neany · wall_segment Palisade Wall x26 |
| 7:31 | Pumpkin King · first_building Barracks |
| 7:41 | EXILE | Neany · wall_segment Palisade Wall x1 |
| 8:14 | champyinz21 · first_building Barracks |
| 8:17 | Aliskandar · first_building Barracks |
| 8:19 | TAG_Sitaux · first_building Barracks |
| 8:19 | Smiley · first_building Barracks |
| 8:22 | HK | El Chairo · wall_segment Palisade Wall x10 |
| 8:33 | HK | El Chairo · wall_segment Palisade Wall x13 |
| 8:46 | EXILE | Neany · wall_segment Palisade Wall x15 |
| 9:08 | Aliskandar · wall_segment Palisade Wall x1 |
| 9:09 | Aliskandar · wall_segment Palisade Wall x1 |
| 9:10 | Aliskandar · wall_segment Palisade Wall x1 |
| 9:12 | Aliskandar · wall_segment Palisade Wall x1 |
| 9:13 | HK | El Chairo · first_building Barracks |
| 9:13 | Aliskandar · wall_segment Palisade Wall x2 |
| 9:18 | TAG_Sitaux · age_up feudal |
| 9:18 | champyinz21 · age_up feudal |
| 9:18 | Pumpkin King · age_up feudal |
| 9:21 | Pumpkin King · first_building Archery Range |
| 9:21 | champyinz21 · first_building Stable |
| 9:22 | TAG_Sitaux · first_building Archery Range |
| 9:23 | Smiley · age_up feudal |
| 9:26 | HK | El Chairo · wall_segment Palisade Wall x1 |
| 9:27 | Smiley · first_building Stable |
| 9:28 | HK | El Chairo · wall_segment Palisade Wall x1 |
| 9:49 | HK | El Chairo · wall_segment Palisade Wall x1 |
| 9:50 | HK | El Chairo · wall_segment Palisade Wall x1 |
| 9:51 | HK | El Chairo · wall_segment Palisade Wall x1 |
| 9:52 | HK | El Chairo · age_up feudal |
| 10:00 | HK | El Chairo · wall_segment Palisade Wall x1 |
| 10:01 | Aliskandar · wall_segment Palisade Wall x15 |
| 10:13 | HK | El Chairo · first_building Stable |
| 10:19 | Pumpkin King · wall_segment Palisade Wall x1 |
| 10:19 | Pumpkin King · wall_segment Palisade Wall x1 |
[ AI ANALYSIS · 1 CREDIT ]
What really happened in this match?
Wolo.gg analyzes every decision: build order, eco, micro, common mistakes by bracket. Personalized analysis on WhatsApp or Discord in 30 seconds.
Civ guide
Khmer
Perfil
Smiley